 Dungeon Crawl Stone Soup version 0.18-a0-1514-g6ed9364 (webtiles) character file.

2646 dvd the Nimble (level 9, -4/46 HPs)
             Began as a Felid Transmuter on Mar 6, 2016.
             Was a Believer of Sif Muna.
             Slain by a killer bee (5 damage)
             ... on level 8 of the Dungeon.
             The game lasted 00:45:09 (12901 turns).

dvd the Nimble (Felid Transmuter)                  Turns: 12901, Time: 00:45:10

Health: -4/46      AC:  6    Str:  6    XL:     9   Next: 36%
Magic:  16/21      EV: 15    Int: 17    God:    Sif Muna [**....]
Gold:   325        SH:  0    Dex: 17    Spells: 5 memorised, 7 levels left
                                        Lives:  0   Deaths: 2

rFire  x . .     SeeInvis +       - Unarmed
rCold  + + +     Gourm    .     (armour unavailable)
rNeg   . . .     Faith    .     (shield unavailable)
rPois  +         Spirit   .     (helmet unavailable)
rElec  .         Dismiss  .     (cloak unavailable)
rCorr  .         Reflect  .     (gloves unavailable)
SustAt .         Harm     .     (boots unavailable)
MR     +....                    (no amulet)
Stlth  +++.......               (no ring)
                                (no ring)

@: about to teleport, ice-form, somewhat resistant to hostile enchantments,
fairly stealthy
A: no armour, no weapons or thrown items, (claws 0), (fangs 0), see invisible,
carnivore 3, (speed 0), (shaggy fur 0), slow metabolism 1, (sharp paws)
a: End Transformation, Channel Energy, Renounce Religion


You were on level 8 of the Dungeon.
You worshipped Sif Muna.
Sif Muna was pleased with you.
You were very full.
You were a creature of crystalline ice.
You visited 2 branches of the dungeon, and saw 9 of its levels.
You also visited: Sewer.

You collected 325 gold pieces.

Inventory:

Missiles
 a - 79 arrows
Jewellery
 m - an uncursed amulet of faith
Wands
 j - a wand of lightning (9/15)
 p - a wand of slowing (29/48)
 r - a wand of flame (48/48)
Scrolls
 g - 2 scrolls of identify
 h - a scroll of fog
 i - a scroll of teleportation
 s - 2 scrolls of remove curse
Potions
 e - 3 potions of curing
Books
 b - a book of Changes

   Spells                             Type                      Level
   a - Beastly Appendage              Transmutation                1
   b - Sticks to Snakes               Transmutation                2
   c - Spider Form                    Transmutation/Poison         3
   d - Ice Form                       Ice/Transmutation            4
   e - Blade Hands                    Transmutation                5
 k - a Fen Folio

   Spells                             Type                      Level
   a - Corpse Rot                     Necromancy                   2
   b - Stone Arrow                    Conjuration/Earth            3
   c - Leda's Liquefaction            Hexes/Earth                  4
   d - Summon Forest                  Summoning/Translocation      5
   e - Hydra Form                     Transmutation                6
   f - Summon Hydra                   Summoning                    7
 l - Kikubaaqudgha's Collected Works on Black Rituals
   (You found it on level 4 of the Dungeon)

   Spells                             Type                      Level
   a - Pain                           Necromancy                   1
Comestibles
 c - 4 meat rations
 f - a beef jerky


   Skills:
 + Level 4.2 Fighting
 + Level 8.0 Dodging
 + Level 4.6 Stealth
 + Level 5.1 Unarmed Combat
 * Level 7.3 Spellcasting
 + Level 0.2 Necromancy
 * Level 8.0 Transmutations
 + Level 3.2 Ice Magic
 + Level 1.7 Poison Magic


You had 7 spell levels left.
You knew the following spells:

 Your Spells              Type           Power        Failure   Level  Hunger
b - Sticks to Snakes      Trmt           ####....     1%          2    None
c - Spider Form           Trmt/Pois      ###.......   6%          3    ##.....
d - Pain                  Necr           #...         12%         1    None
e - Ice Form              Ice/Trmt       ####....     14%         4    ####...
f - Blade Hands           Trmt           ####......   14%         5    #####..


Dungeon Overview and Level Annotations

Branches:
Dungeon (8/15)             Temple (1/1) D:4
   Lair: D:8-11

Altars:
Ashenzari
Cheibriados
Dithmenos
Elyvilon
Fedhas
Kikubaaqudgha
Makhleb
Nemelex Xobeh
Okawaru
Pakellas
Qazlal
Ru
Sif Muna
Trog
Vehumet
Xom
Zin
The Shining One

Annotations:
D:2 Robin
D:8 Foomius's ghost, novice DDFi


Innate Abilities, Weirdness & Mutations

You cannot wear armour.
You are incapable of wielding weapons or throwing items.
((You have sharp claws.))
((You have razor-sharp teeth.))
You have supernaturally acute eyesight.
You are carnivorous and can eat meat at any time.
((You cover ground quickly.))
((You are covered in thick fur (AC +2).))
You have a slow metabolism.
((Your sharp claws are effective at attacking unaware monsters.))


Message History

Your ball python misses the killer bee.
The killer bee misses you. The killer bee stings your ball python!
Your ball python dies!
Your adder closely misses the killer bee.
The killer bee barely misses you.
Your adder bites the killer bee.
The killer bee is poisoned.
Your adder poisons the killer bee!
The killer bee stings you.
* * * LOW HITPOINT WARNING * * *
The killer bee stings you!
* * * LOW HITPOINT WARNING * * *
Unknown command.
Drink which item? (? for menu, Esc to quit)
You feel better. The killer bee barely misses you. The killer bee stings you.
* * * LOW HITPOINT WARNING * * *
The killer bee stings you but does no damage.
Your adder bites the killer bee.
The killer bee stings you!
* * * LOW HITPOINT WARNING * * *
Your adder misses the killer bee. The killer bee misses you.
The killer bee stings you.
You die...

# ##...####.........#
##.....###.#.......#
##.......#..#.......#
##..........##.......##
#<...........##........
##............#[.......
#.........(...........
##....................
#...........yY....... #
##..........yy.......
## #..........SS.......
.##
##..................
..# ####......†........
..# #.#####.........
..# #.# ####...... ..#
##.# #..... ..# #.#####
.....


You could see 3 killer bees and 2 friendly adders.

Vanquished Creatures
  Pikel (D:7)
  Prince Ribbit (D:7)
  3 hippogriffs (D:7)
  A water moccasin (D:6)
  An orc warrior (D:7)
  A sky beast (D:5)
  3 slaves (D:7)
  An ice beast (D:7)
  A phantom (D:6)
  3 centaurs
  6 big kobolds
  3 giant frogs (D:7)
  4 scorpions
  5 killer bees (D:7)
  3 wights (D:7)
  2 crimson imps
  A centaur zombie (D:8)
  Crazy Yiuf (D:3)
  7 hounds
  A giant frog skeleton (D:7)
  An orc priest (D:5)
  3 orc wizards
  2 iguanas (D:4)
  6 worker ants
  A hound zombie (D:3)
  A hound skeleton (D:5)
  8 adders
  A river rat (Sewer)
  2 shadow imps (D:6)
  5 oozes (Sewer)
  5 worms
  A dart slug (D:1)
  4 giant geckos
  18 orcs
  7 ball pythons
  3 bats
  10 giant cockroaches
  6 goblins
  9 hobgoblins
  4 jackals (D:8)
  5 quokkas
  5 giant newts
  A jackal zombie (D:5)
  10 kobolds
  A quokka zombie (D:5)
  10 rats
178 creatures vanquished.

Vanquished Creatures (collateral kills)
  Grinder (D:4)
  A giant frog (D:8)
  5 adders
  A worm (D:3)
  A bat (D:2)
  A goblin (D:2)
  2 rats
12 creatures vanquished.

Grand Total: 190 creatures vanquished

Notes
Turn   | Place    | Note
--------------------------------------------------------------
     0 | D:1      | dvd the Felid Transmuter began the quest for the Orb.
     0 | D:1      | Reached XP level 1. HP: 9/9 MP: 4/4
   385 | D:1      | Reached XP level 2. HP: 12/12 MP: 4/6
  1070 | D:2      | Learned a level 2 spell: Sticks to Snakes
  1080 | D:2      | Reached skill level 1 in Stealth
  1144 | D:2      | Reached XP level 3. HP: 11/15 MP: 1/7
  1311 | D:2      | Noticed Robin
  1632 | D:1      | Learned a level 3 spell: Spider Form
  2349 | D:2      | Found a sparkling altar of Nemelex Xobeh.
  2349 | D:2      | Found a shattered altar of Ashenzari.
  2350 | D:2      | Found a shadowy altar of Dithmenos.
  2624 | D:3      | Reached XP level 4. HP: 16/19 MP: 7/9
  2652 | D:3      | Noticed Crazy Yiuf
  2671 | D:3      | Killed Crazy Yiuf
  3604 | D:4      | Found a deep blue altar of Sif Muna.
  3605 | D:4      | Found an ancient bone altar of Kikubaaqudgha.
  3605 | D:4      | Found a radiant altar of Vehumet.
  3608 | D:4      | Identified Kikubaaqudgha's Collected Works on Black Rituals
  3611 | D:4      | Learned a level 1 spell: Pain
  3639 | D:4      | Reached XP level 5. HP: 20/22 MP: 7/10
  3668 | D:4      | Found a glowing drain.
  3795 | Sewer    | Entered a sewer
  4321 | Sewer    | Reached skill level 1 in Poison Magic
  4469 | Sewer    | Gained mutation: You are covered in thick fur (AC +2). [Felid growth]
  4469 | Sewer    | Reached XP level 6. HP: 15/25 MP: 10/13
  5214 | Sewer    | Reached XP level 7. HP: 25/28 MP: 11/14
  5248 | Sewer    | Learned a level 4 spell: Ice Form
  5479 | D:4      | Reached skill level 5 in Transmutations
  6114 | D:4      | Found a staircase to the Ecumenical Temple.
  6127 | Temple   | Entered the Ecumenical Temple
  6261 | D:4      | Became a worshipper of Sif Muna the Loreminder
  6330 | D:4      | Slain by an orc wizard
  6331 | D:4      | Reached XP level 6. HP: 0/26 MP: 12/14
  6331 | D:4      | Reached skill level 5 in Spellcasting
  6471 | D:4      | Noticed Grinder
  6495 | D:4      | Killed Grinder
  6495 | D:4      | Reached skill level 1 in Ice Magic
  6495 | D:4      | Reached XP level 7. HP: 19/30 MP: 7/15
  6611 | D:4      | Learned a level 5 spell: Blade Hands
  6682 | D:5      | Entered Level 5 of the Dungeon
  7272 | D:5      | Reached * piety under Sif Muna
  8441 | D:6      | Reached XP level 8. HP: 34/34 MP: 12/17
  9125 | D:6      | Reached skill level 5 in Dodging
  9749 | D:7      | Noticed Prince Ribbit
  9766 | D:7      | Killed Prince Ribbit
  9937 | D:7      | Reached XP level 9. HP: 23/38 MP: 15/19
  9942 | D:7      | Noticed Pikel
  9953 | D:7      | Slain by a killer bee
  9954 | D:7      | Reached XP level 8. HP: -1/40 MP: 17/18
 10714 | D:7      | Reached ** piety under Sif Muna
 11071 | D:7      | Found a shimmering altar of Xom.
 11243 | D:7      | Found a white marble altar of Elyvilon.
 11244 | D:7      | Found an iron altar of Okawaru.
 11593 | D:7      | Reached skill level 5 in Unarmed Combat
 11696 | D:7      | Killed Pikel
 11696 | D:7      | Reached XP level 9. HP: 23/39 MP: 15/20
 11973 | D:8      | Noticed Foomius's ghost (novice DDFi)
 12432 | D:8      | Found a stormy altar of Qazlal.
 12433 | D:8      | Found a blossoming altar of Fedhas.
 12900 | D:8      | HP: 1/46 [killer bee (8)]
 12901 | D:8      | Slain by a killer bee

Vault maps used:
D:1:      lightli_arrival_lavapool
D:2:      gammafunk_temple_overflow_claw, uniq_robin
D:3:      kennysheep_boxes, uniq_crazy_yiuf_cottage
D:4:      grunt_temple_overflow_magic_moments, minmay_temple_entry_statues,
          first_bread, portal_sewer_entry_f, minmay_misc_feat_room, uniq_grinder
D:5:      kennysheep_six_static_rooms, amethyst_killhole
D:7:      gammafunk_temple_overflow_wave, tgw_xom, uniq_prince_ribbit1,
          uniq_pikel
D:8:      grunt_temple_overflow_forces_of_nature, grunt_pizzeria, uniq_joseph
Temple:   cyrus_temple_forest_13
Sewer:    sewer_co_tree

Skill      XL: |  1  2  3  4  5  6  7  8  9 |
---------------+----------------------------+-----
Stealth        | 1 2 3 4 |  4.6
Transmutations | 3 4 6 7 8 |  8.0
Dodging        | 3 4 7 8 |  8.0
Spellcasting   | 3 4 5 7 |  7.3
Poison Magic   | 1 |  1.7
Fighting       | 2 4 |  4.2
Ice Magic      | 1 3 |  3.2
Unarmed Combat | 4 5 |  5.1
Necromancy     | |  0.2

Action                   |  1- 3 |  4- 6 |  7- 9 || total
-------------------------+-------+-------+-------++-------
Melee: Unarmed           |    87 |   164 |   357 ||   608
 Cast: Beastly Appendage |    23 |     3 |     2 ||    28
       Sticks to Snakes  |    13 |    13 |    13 ||    39
       Spider Form       |     3 |    27 |    13 ||    43
       Pain              |       |     6 |     1 ||     7
       Ice Form          |       |       |    29 ||    29
       Blade Hands       |       |       |    11 ||    11
  Use: Potion            |       |     1 |     9 ||    10
       Scroll            |       |       |    13 ||    13
 Stab: Sleeping          |     6 |     7 |     9 ||    22
       Distracted        |       |       |     1 ||     1
  Eat: Chunk             |    12 |     9 |    32 ||    53
       Meat ration       |       |       |     1 ||     1
